 Dungeon Crawl Stone Soup version 0.26.0-45-g9c1d065592 (webtiles) character file.

Game seed: 17360115006751663378

3400 thiole the Thaumaturge (level 10, -11/56 HPs)
             Began as an Octopode Venom Mage on Jan 27, 2021.
             Was an Initiate of Gozag.
             Killed by the air
             ... invoked by Gastronok
              (32 damage)
             ... on level 9 of the Dungeon.
             The game lasted 00:15:49 (9023 turns).

thiole the Thaumaturge (Octopode Venom Mage)        Turns: 9023, Time: 00:15:50

Health: -11/56     AC:  1    Str:  9    XL:     10   Next: 4%
Magic:  4/24       EV: 13    Int: 20    God:    Gozag
Gold:   652        SH:  0    Dex: 12    Spells: 19/30 levels left

rFire    + . .     SeeInvis .   g - +2 dagger (elec)
rCold    . . .     Faith    .   (no shield)
rNeg     . . .     Spirit   .   (helmet restricted)
rPois    .         Reflect  .   (no amulet)
rElec    +         Harm     .   m - ring of fire
rCorr    .         Rampage  .   (no ring)
Will     .....                  (no ring)
Stlth    +++.......             (no ring)
HPRegen  0.18/turn              (no ring)
MPRegen  0.19/turn              (no ring)
                                (no ring)
                                (no ring)

@: radiating poison
A: almost no armour, stealthy swim, amphibious, 8 rings, constrict 8, fangs 1,
camouflage 1, cold resistance 1, screaming 1, electricity resistance, gelatinous
body 1
a: Renounce Religion, Potion Petition, Call Merchant, Bribe Branch


You were on level 9 of the Dungeon.
You worshipped Gozag.
Gozag was pleased with you.
You visited 1 branch of the dungeon, and saw 9 of its levels.

You collected 754 gold pieces.
You paid 102 gold pieces to Gozag.

Inventory:

Hand Weapons
 g - a +2 dagger of electrocution (weapon)
Missiles
 v - 6 silver javelins
Jewellery
 e - an uncursed ring of see invisible
 m - a ring of fire (left tentacle)
Wands
 k - a wand of flame (9)
 y - a wand of polymorph (2)
 D - a wand of random effects (29)
Scrolls
 b - 2 scrolls of fear {unknown}
 c - 12 scrolls of teleportation
 f - 4 scrolls of remove curse {unknown}
 i - 2 scrolls of random uselessness {unknown}
 o - 5 scrolls of identify
 s - a scroll of noise {unknown}
 t - 3 scrolls of immolation {unknown}
 u - a scroll of fog {unknown}
 w - a scroll of enchant armour {unknown}
 x - a scroll of amnesia {unknown}
 z - a scroll of magic mapping {unknown}
 A - 2 scrolls of enchant weapon {unknown}
 F - 2 scrolls of brand weapon {unknown}
Potions
 a - a potion of invisibility
 d - 4 potions of curing
 h - a potion of mutation
 j - a potion of might
 l - a potion of resistance {unknown}
 n - 2 potions of heal wounds {unknown}
 p - a potion of haste {unknown}
 q - a potion of berserk rage {unknown}
 r - 3 potions of attraction {unknown}
 B - a potion of ambrosia {unknown}
 C - a potion of magic {unknown}
 E - 2 potions of brilliance {unknown}


   Skills:
 - Level 2.0 Dodging
 - Level 2.6 Stealth
 * Level 10.6 Spellcasting
 - Level 3.0 Transmutations
 - Level 4.0 Fire Magic
 - Level 8.0 Poison Magic


You had 19 spell levels left.
You knew the following spells:

 Your Spells              Type           Power        Failure   Level
a - Sting                 Tmut/Pois      100%         1%          1
b - Ignite Poison         Fire/Tmut/Pois 46%          2%          3
c - Olgreb's Toxic Radia  Pois           42%          2%          4
d - Mephitic Cloud        Conj/Pois/Air  21%          6%          3

Your spell library contained the following spells:

 Spells                   Type           Power        Failure   Level
 Poisonous Vapours        Pois/Air       52%          1%          2


Dungeon Overview and Level Annotations

Branches:
Dungeon (9/15)             Temple (0/1) D:6            Lair (0/6) D:8
    Orc: D:9-12

Altars:
Cheibriados
Gozag
Vehumet
Wu Jian

Shops:
D:7 :   D:8 (

Annotations:
D:9 Gastronok


Innate Abilities, Weirdness & Mutations

You cannot wear most types of armour.
You are very stealthy in the water. (Stealth+)
You are amphibious.
You can wear up to eight rings at the same time.
You can use your tentacles to constrict eight enemies at once.
Your skin changes colour to match your surroundings (Stealth+).
Your rubbery body absorbs attacks. (AC +1, EV +1)
You have very sharp teeth.
Your flesh is cold resistant. (rC+)
You occasionally shout uncontrollably at your foes.
You are resistant to electric shocks. (rElec)


Message History

Gastronok gurgles, "It's true, you are what you eat."
Casting: Ignite Poison (dangerous; 2% risk of failure)
Confirm with . or Enter, or press ? or * to list all spells.
You feel a surge of power!
You ignite the poison in your surroundings!
Gastronok seems to burn from within!!
Gastronok is severely wounded.
Gastronok is poisoned.
Casting: Ignite Poison (dangerous; 2% risk of failure)
Confirm with . or Enter, or press ? or * to list all spells.
You feel a surge of power!
You ignite the poison in your surroundings!
Gastronok seems to burn from within!
Gastronok is severely wounded.
Gastronok is poisoned.
Gastronok waves his eye-stalks in wide circles.
The air twists around and strikes you!!
Ouch! That really hurt!
You die...
Your body crumbles into a pile of gold.

###########
#..........
#.:........
####........#
...........#
#........#
#(.@...w.#
########.#


You could see Gastronok (poisoned).

Vanquished Creatures
  A two-headed ogre (D:8)
  A kobold demonologist (D:8)
  A komodo dragon (D:8)
  A wyvern (D:8)
  A water moccasin (D:7)
  Duvessa (D:4)
  A sky beast (D:5)
  2 black bears
  2 necrophages
  An ogre (D:8)
  A bullfrog (D:6)
  Blork the orc (D:4)
  Dowan (D:4)
  2 scorpions
  5 wights (D:6)
  A howler monkey (D:5)
  A centaur zombie (D:7)
  3 orc priests
  2 bullfrog skeletons
  2 jellies
  A gnoll shaman (D:7)
  4 hounds
  Terence (D:3)
  Natasha (thrice) (D:2)
  2 orc wizards
  3 worker ants
  A hound zombie (D:7)
  7 adders
  7 gnolls
  A white imp (D:5)
  An ufetubus (D:7)
  2 oozes
  An adder zombie (D:8)
  An adder skeleton (D:8)
  3 worms
  2 dart slugs
  6 leopard geckos
  11 orcs
  12 bats
  5 giant cockroaches
  7 goblins
  4 hobgoblins
  17 jackals
  9 kobolds
  3 quokkas
  3 ball pythons
  4 frilled lizards
  7 rats
159 creatures vanquished.

Notes
Turn   | Place    | Note
-------+----------+-------------------------------------------
     0 | D:1      | thiole the Octopode Venom Mage began the quest for the Orb.
     0 | D:1      | Reached XP level 1. HP: 11/11 MP: 3/3
   110 | D:1      | Reached XP level 2. HP: 9/17 MP: 0/5
   781 | D:1      | Reached XP level 3. HP: 21/21 MP: 4/6
  1782 | D:2      | Noticed Natasha
  1788 | D:2      | Killed Natasha
  1789 | D:2      | Reached XP level 4. HP: 8/27 MP: 1/7
  2044 | D:2      | Learned a level 3 spell: Ignite Poison
  2049 | D:2      | Learned a level 4 spell: Olgreb's Toxic Radiance
  2274 | D:2      | Noticed Natasha
  2284 | D:2      | Killed Natasha
  2416 | D:2      | Found a radiant altar of Vehumet.
  2416 | D:2      | Found an ornate altar of the Wu Jian Council.
  2621 | D:2      | Reached skill level 5 in Poison Magic
  2678 | D:2      | Noticed Natasha
  2694 | D:2      | Killed Natasha
  2695 | D:2      | Reached skill level 1 in Fire Magic
  2695 | D:2      | Reached XP level 5. HP: 23/31 MP: 2/9
  3119 | D:3      | Reached skill level 3 in Spellcasting
  3485 | D:3      | Noticed Terence
  3496 | D:3      | Killed Terence
  3883 | D:4      | Reached XP level 6. HP: 36/36 MP: 6/11
  3953 | D:4      | Noticed Blork the orc
  3959 | D:4      | Killed Blork the orc
  3960 | D:4      | Reached skill level 4 in Spellcasting
  4348 | D:4      | Found a snail-covered altar of Cheibriados.
  4570 | D:4      | Noticed Duvessa
  4570 | D:4      | Noticed Dowan
  4581 | D:4      | Killed Duvessa
  4582 | D:4      | Reached XP level 7. HP: 36/41 MP: 9/14
  4596 | D:4      | Gained mutation: You are resistant to electric shocks.
                  | (rElec) [potion of mutation]
  4596 | D:4      | Gained mutation: You occasionally shout uncontrollably at
                  | your foes. [potion of mutation]
  4596 | D:4      | Gained mutation: Your flesh is cold resistant. (rC+)
                  | [potion of mutation]
  4596 | D:4      | Gained mutation: You have very sharp teeth. [potion of
                  | mutation]
  4600 | D:4      | Killed Dowan
  4932 | D:5      | Entered Level 5 of the Dungeon
  5102 | D:5      | Reached skill level 5 in Spellcasting
  5593 | D:5      | Reached XP level 8. HP: 46/46 MP: 16/16
  5618 | D:5      | Found an opulent altar of Gozag.
  5629 | D:5      | Became a worshipper of Gozag Ym Sagoz the Greedy
  5766 | D:6      | Found a staircase to the Ecumenical Temple.
  6119 | D:6      | Reached skill level 6 in Spellcasting
  6335 | D:6      | You fall into a shaft and drop 1 floor!
  6834 | D:7      | Reached skill level 7 in Spellcasting
  6967 | D:7      | Found Deostror's Book Shop.
  7132 | D:7      | Reached XP level 9. HP: 44/51 MP: 18/20
  7589 | D:8      | Found Opnof's Antique Weapon Boutique.
  7757 | D:8      | Found a staircase to the Lair.
  7784 | D:8      | Reached skill level 8 in Spellcasting
  8053 | D:8      | Noticed a kobold demonologist
  8053 | D:8      | Noticed a komodo dragon
  8053 | D:8      | Noticed a gargoyle
  8055 | D:8      | Noticed a two-headed ogre
  8057 | D:8      | Killed a komodo dragon
  8058 | D:8      | Reached skill level 9 in Spellcasting
  8059 | D:8      | Noticed a sun demon
  8059 | D:8      | Killed a two-headed ogre
  8060 | D:8      | Reached skill level 10 in Spellcasting
  8062 | D:8      | Killed a kobold demonologist
  8198 | D:8      | Noticed a five-headed hydra
  8365 | D:8      | Learned a level 3 spell: Mephitic Cloud
  8463 | D:8      | Reached XP level 10. HP: 54/56 MP: 13/24
  9017 | D:9      | Noticed Gastronok
  9023 | D:9      | Killed from afar by Gastronok

Illustrated notes

Levels and vault maps discovered:
D:1:      dpeg_arrival_more_subterranean_lakeside_camping, layout_basic
D:2:      layout_loops_ring, gammafunk_temple_overflow_elements,
          nicolae_underground_beach, uniq_natasha
D:3:      layout_loops_ring, serial_bayou_lagoon_a,
          chequers_serial_rivers_small_a, uniq_terence
D:4:      layout_rooms, hangedman_feature_mirror, kennysheep_slug_shrine,
          uniq_blork_the_orc, uniq_duvessa
D:5:      wander_river, layout_loops_ring, nicolae_overflow_crystal_walls
D:6:      layout_rooms, minmay_temple_entry_trees
D:7:      layout_basic, serial_shops, kennysheep_mini_moat
D:8:      minmay_chambers_of_sevens, layout_loops_ring, lair_entry_dummy,
          serial_shops, shop, kennysheep_small_circle
D:9:      layout_roguey, lemuel_coloured_pillars_altar,
          ebering_ghost_inner_flame, chequers_serial_rivers_micro_a,
          hangedman_ranch [blue_anna_fruit_fields], uniq_gastronok

Skill      XL: |  1  2  3  4  5  6  7  8  9 |
---------------+----------------------------+-----
Poison Magic   | 4 5 6 8 |  8.0
Transmutations | 2 3 |  3.0
Fire Magic     | 1 2 3 4 |  4.0
Spellcasting   | 3 4 5 7 10 | 10.6
Dodging        | |  2.0
Stealth        | |  2.6

Action                   |  1- 3 |  4- 6 |  7- 9 | 10-12 || total
-------------------------+-------+-------+-------+-------++-------
Melee: Unarmed           |    21 |     4 |     3 |       ||    28
       Constrict         |     8 |     7 |    14 |       ||    29
       Tentacles         |     5 |     2 |    12 |       ||    19
       Dagger            |     1 |    31 |    59 |     3 ||    94
       Bite              |       |       |     6 |       ||     6
 Cast: Sting             |    55 |    84 |    45 |       ||   184
       Olgreb's Toxic Ra |       |     3 |    27 |     3 ||    33
       Ignite Poison     |       |       |    23 |     3 ||    26
Evoke: Wand              |       |       |     1 |       ||     1
  Use: Potion            |       |       |     4 |       ||     4
       Scroll            |       |       |     5 |       ||     5
 Stab: Sleeping          |       |       |     3 |       ||     3
Armor: Skin              |     5 |     3 |     2 |       ||    10
Dodge: Dodged            |    17 |    32 |    53 |     2 ||   104
